 Dungeon Crawl Stone Soup version 0.32-a0-576-g706899e69d (webtiles) character file.

Game seed: 782891730425117365

6246 CougarLife the Geomancer (level 10, -3/50 HPs)
             Began as a Gargoyle Earth Elementalist on Mar 1, 2024.
             Slain by a yak (12 damage)
             ... on level 8 of the Dungeon.
             The game lasted 00:07:10 (7703 turns).

CougarLife the Geomancer (GrEE)                     Turns: 7703, Time: 00:07:11

Health: -3/50      AC: 12    Str: 12    XL:     10   Next: 93%
Magic:  3/23       EV: 11    Int: 20    God:
Gold:   402        SH:  0    Dex: 10    Spells: 23/27 levels left

rFire   . . .        r - +5 dagger
rCold   . . .        (no shield)
rNeg    + . .        a - +0 robe
rPois   ∞            p - +0 helmet
rElec   +            (no cloak)
rCorr   +            l - +0 pair of gloves
SInv    .            c - +0 pair of boots
Will    .....        (no amulet)
Stlth   ++           g - ring of resist corrosion
HPRegen 0.28/turn    (no ring)
MPRegen 0.18/turn

%: no passive effects
@: no status effects
A: sickness immunity, AC +7, negative energy resistance 1, electricity
resistance, torment resistance 1, petrification resistance
a: no special abilities


You were on level 8 of the Dungeon.
You visited 2 branches of the dungeon, and saw 9 of its levels.

You collected 402 gold pieces.

Inventory:

Hand Weapons
 r - a +5 dagger (weapon)
Missiles
 z - 2 throwing nets
Armour
 a - a +0 robe (worn)
 c - a +0 pair of boots (worn)
 l - a +0 pair of gloves (worn)
 p - a +0 helmet (worn)
Jewellery
 g - a ring of resist corrosion (left hand)
Wands
 t - a wand of flame (13)
 y - a wand of light (3)
Scrolls
 d - 3 scrolls of immolation {unknown}
 e - 3 scrolls of enchant armour {unknown}
 h - 3 scrolls of identify {unknown}
 j - 2 scrolls of vulnerability {unknown}
 n - a scroll of poison {unknown}
 u - a scroll of fear {unknown}
 v - a scroll of teleportation {unknown}
 w - a scroll of amnesia {unknown}
 x - 3 scrolls of blinking {unknown}
 B - a scroll of brand weapon {unknown}
 C - a scroll of fog {unknown}
Potions
 b - 2 potions of magic
 f - 2 potions of heal wounds {unknown}
 i - 2 potions of attraction {unknown}
 k - a potion of enlightenment {unknown}
 m - 3 potions of haste {unknown}
 o - 2 potions of brilliance {unknown}
 q - 3 potions of curing {unknown}
 s - a potion of mutation {unknown}
 A - a potion of resistance {unknown}
 D - a potion of lignification {unknown}


   Skills:
 - Level 1.5 Dodging
 - Level 2.1 Stealth
 + Level 9.0 Spellcasting
 + Level 10.2 Conjurations
 + Level 11.6 Earth Magic


You had 23 spell levels left.
You knew the following spells:

 Your Spells              Type           Power      Damage    Failure   Level
a - Sandblast             Erth           100%       2d20      1%          1
b - Stone Arrow           Conj/Erth      100%       3d13      1%          3

Your spell library contained the following spells:

 Spells                   Type           Power      Damage    Failure   Level
 Kiss of Death            Conj/Necr      100%       2d13      1%          1
 Passwall                 Erth           53%        N/A       1%          3
 Brom's Barrelling Bould  Conj/Erth      52%        2d7       1%          4
 Petrify                  Alch/Erth      32%        N/A       7%          4
 Call Imp                 Summ           18%        N/A       12%         2
 Borgnjor's Vile Clutch   Necr/Erth      16%        N/A       19%         5
 Confusing Touch          Hex            9%         N/A       22%         3
 Fireball                 Conj/Fire      14%        3d8       26%         5
 Animate Dead             Necr           9%         N/A       58%         4
 Cause Fear               Hex            4%         N/A       58%         4
 Dispel Undead            Necr           9%         3d8       58%         4
 Death Channel            Necr           4%         N/A       100%        6
 Summon Hydra             Summ           4%         N/A       100%        7
 Dragon's Call            Summ           4%         N/A       100%        9
 Sublimation of Blood     Necr           Unusable   N/A       N/A         2

Dungeon Overview and Level Annotations

Branches:
Dungeon (8/15)             Temple (1/1) D:5
   Lair: D:8-11

Altars:
Ashenzari
Cheibriados
Dithmenos
Elyvilon
Fedhas
Gozag
Hepliaklqana
Kikubaaqudgha
Makhleb
Qazlal
Ru
Sif Muna
Trog
Uskayaw
Wu Jian
Xom
Yredelemnul
Zin
The Shining One

Shops:
D:1 *   D:3 *   D:7 (=


Innate Abilities, Weirdness & Mutations

You are immune to sickness and miasma.
Your stone body is resilient. (AC +7)
You are immune to poison.
You resist negative energy. (rN+)
You are resistant to electric shocks. (rElec)
You are resistant to unholy torment.
You are immune to petrification.


Message History

Aiming: Stone Arrow (safe; 1% risk of failure)
Press: ? - help, Shift-Dir - straight line, f/p - yak
Aim: a yak (87% to hit)
The stone arrow hits the yak!!
The yak is severely wounded.
The yak closely misses you.
Casting: Stone Arrow (safe; 1% risk of failure)
Confirm with . or Enter, or press ? or * to list all spells.
Aiming: Stone Arrow (safe; 1% risk of failure)
Press: ? - help, Shift-Dir - straight line, f/p - yak
Aim: a yak (severely wounded, 87% to hit)
The stone arrow hits the yak!
The yak is almost dead.
The yak gores you but does no damage.
Casting: Stone Arrow (safe; 1% risk of failure)
Confirm with . or Enter, or press ? or * to list all spells.
Aiming: Stone Arrow (safe; 1% risk of failure)
Press: ? - help, Shift-Dir - straight line, f/p - yak
Aim: a yak (almost dead, 87% to hit)
The stone arrow hits the yak!!
You kill the yak!
Your Spellcasting skill increases to level 9!
Casting: Stone Arrow (safe; 1% risk of failure)
Confirm with . or Enter, or press ? or * to list all spells.
Aiming: Stone Arrow (safe; 1% risk of failure)
Press: ? - help, Shift-Dir - straight line, f - yak
Aim: a yak (87% to hit)
The stone arrow hits the yak!!
The yak is heavily wounded.
The yak gores you.
* * * LOW HITPOINT WARNING * * *
Casting: Stone Arrow (safe; 1% risk of failure)
Confirm with . or Enter, or press ? or * to list all spells.
Aiming: Sandblast (safe; 1% risk of failure)
Press: ? - help, Shift-Dir - straight line, f/p - yak
Aim: a yak (heavily wounded, 91% to hit)
The blast of sand hits the yak!
The yak is almost dead.
The yak gores you!
You die...

. #...#
####. #...#
.....##...#
......))..#
#.#..#)...#
#......#..#
.....#...##
###..##.##
).. #@# ##.
#Y# #.#
.....†))#
.........
......#..#
##..#.#...
#.........
....# #...#


You could see a yak.

Vanquished Creatures
  A two-headed ogre (D:8)
  Pikel (D:4)
  A hornet (D:7)
  Prince Ribbit (D:4)
  A troll (D:8)
  Sigmund (D:4)
  6 yaks (D:8)
  Menkaure (D:4)
  A water moccasin (D:7)
  A black bear (D:7)
  2 ice beasts (D:5)
  2 orc warriors
  A sky beast (D:6)
  6 ogres
  A centaur (D:6)
  2 lemures
  2 kobold brigands (D:7)
  4 bullfrogs
  3 scorpions
  3 wights (D:8)
  6 killer bees
  3 electric eels (D:7)
  4 hounds
  3 jellies
  A bombardier beetle (D:4)
  2 orc priests
  7 sleepcaps
  5 iguanas
  Natasha (thrice) (D:2)
  Ijyb (D:5)
  8 orc wizards
  7 gnolls (D:6)
  5 adders
  A white imp (D:5)
  4 ufetubi (D:5)
  3 dart slugs
  3 ribbon worms
  22 orcs
  6 ball pythons
  5 bats
  An endoplasm (D:2)
  3 giant cockroaches (D:1)
  6 goblins
  6 hobgoblins
  7 jackals
  6 kobolds
  2 quokkas
  4 frilled lizards
  5 rats
180 creatures vanquished.

Notes
Turn   | Place    | Note
-------+----------+-------------------------------------------
     0 | D:1      | CougarLife the Gargoyle Earth Elementalist began the quest
                  | for the Orb.
     0 | D:1      | Reached XP level 1. HP: 10/10 MP: 3/3
   215 | D:1      | Reached XP level 2. HP: 15/15 MP: 3/5
   392 | D:1      | Reached skill level 4 in Earth Magic
   630 | D:1      | Reached XP level 3. HP: 12/19 MP: 1/6
   890 | D:1      | Found Ziofu's Assorted Antiques.
  1121 | D:2      | Noticed Natasha
  1129 | D:2      | Killed Natasha
  1130 | D:2      | Reached XP level 4. HP: 5/24 MP: 0/8
  1212 | D:2      | Noticed Natasha
  1214 | D:2      | Killed Natasha
  1290 | D:2      | Noticed Natasha
  1293 | D:2      | Killed Natasha
  1323 | D:2      | Reached XP level 5. HP: 25/28 MP: 4/9
  1968 | D:3      | Reached skill level 5 in Earth Magic
  2114 | D:3      | Found a glowing silver altar of Zin.
  2380 | D:3      | Found Qum Podo's Assorted Antiques.
  2510 | D:3      | Found a hide-covered altar of Uskayaw.
  2844 | D:3      | Learned a level 3 spell: Stone Arrow
  2863 | D:4      | Noticed a lemure
  2865 | D:4      | Noticed Pikel
  2865 | D:4      | Noticed a lemure
  2865 | D:4      | Noticed a lemure
  2893 | D:4      | Killed a lemure
  2903 | D:3      | Killed a lemure
  2985 | D:4      | Killed Pikel
  2986 | D:4      | Reached skill level 6 in Earth Magic
  2986 | D:4      | Reached XP level 6. HP: 28/32 MP: 1/12
  2986 | D:4      | Reached XP level 7. HP: 31/36 MP: 1/13
  3175 | D:4      | Reached skill level 5 in Conjurations
  3517 | D:4      | Noticed Menkaure
  3528 | D:4      | Killed Menkaure
  3529 | D:4      | Reached skill level 5 in Spellcasting
  3529 | D:4      | Reached skill level 7 in Earth Magic
  3529 | D:4      | Reached XP level 8. HP: 7/41 MP: 6/15
  3910 | D:4      | Noticed Sigmund
  3913 | D:4      | Killed Sigmund
  4216 | D:5      | Entered Level 5 of the Dungeon
  4317 | D:5      | Noticed Ijyb
  4319 | D:5      | Reached skill level 8 in Earth Magic
  4322 | D:5      | Killed Ijyb
  4472 | D:5      | Noticed Prince Ribbit
  4487 | D:4      | Killed Prince Ribbit
  4488 | D:4      | Reached XP level 9. HP: 9/45 MP: 7/18
  4673 | D:5      | Found a shadowy altar of Dithmenos.
  4840 | D:5      | Found a staircase to the Ecumenical Temple.
  4846 | Temple   | Entered the Ecumenical Temple
  5119 | D:5      | Found an ancient bone altar of Kikubaaqudgha.
  5119 | D:5      | Found an opulent altar of Gozag.
  5222 | D:6      | Found a hazy altar of Hepliaklqana.
  5227 | D:6      | Reached skill level 9 in Earth Magic
  6376 | D:7      | Reached skill level 10 in Earth Magic
  6598 | D:7      | Reached XP level 10. HP: 50/50 MP: 18/21
  6773 | D:7      | Found a sacrificial altar of Ru.
  7040 | D:7      | Found Facse's Jewellery Boutique.
  7068 | D:7      | Found Oryaj's Weapon Shoppe.
  7124 | D:7      | Found a broken altar of Ashenzari.
  7285 | D:8      | Noticed a two-headed ogre
  7290 | D:8      | Killed a two-headed ogre
  7291 | D:8      | Reached skill level 11 in Earth Magic
  7538 | D:8      | Reached skill level 10 in Conjurations
  7703 | D:8      | Slain by a yak

Illustrated notes

Levels and vault maps discovered:
D:1:      minmay_arrival_plants_in_alcoves, layout_loops_ring, serial_shops,
          shop
D:2:      layout_loops_ring, uniq_natasha
D:3:      wad_lake_hut, layout_basic, lemuel_coloured_pillars_altar,
          mainiacjoe_overflow_boulevard, serial_shops,
          nicolae_shop_pleasant_corner_grove, grunt_decor_mini_mirrors
D:4:      layout_basic, uniq_pikel, uniq_menkaure, uniq_sigmund
D:5:      layout_basic, gammafunk_temple_overflow_pools, lemuel_round_altar,
          minmay_temple_entry_mini_moons, uniq_prince_ribbit1, uniq_ijyb
D:6:      layout_loops_ring, mainiacjoe_overflow_concentric_impassable
D:7:      layout_cave_pools, lemuel_crystal_altar, mainiacjoe_overflow_chevrons,
          serial_bayou, serial_bayou_pond_b, serial_bayou_pond_b,
          serial_bayou_lagoon_a, serial_bayou_pond_e, serial_shops,
          nicolae_shop_gaudy_bauble, nicolae_shop_bloodbath_and_beyond,
          grunt_ogre_cave
D:8:      layout_loops_ring, lair_entry_dummy, grunt_ministairs_12
Temple:   bh_familiar_temple

Skill      XL: |  1  2  3  4  5  6  7  8  9 10 |
---------------+-------------------------------+-----
Earth Magic    | 4 6 7 8 10 11 | 11.6
Conjurations   | 2 4 5 7 8 10 | 10.2
Spellcasting   | 3 4 5 6 7 9 |  9.0
Dodging        | |  1.5
Stealth        | |  2.1

Action                     |  1- 3 |  4- 6 |  7- 9 | 10-12 || total
---------------------------+-------+-------+-------+-------++-------
  Melee: Unarmed           |     4 |       |       |       ||     4
         Dagger            |    16 |     8 |    22 |     1 ||    47
   Cast: Sandblast         |    39 |    59 |   152 |    61 ||   311
         Stone Arrow       |       |     3 |    18 |    14 ||    35
 Armour: Robe              |    44 |    44 |   128 |    47 ||   263
  Dodge: Dodged            |    44 |    32 |    90 |    41 ||   207

Table legend: (Time is in decaauts)
 A = Elapsed time spent in this place.
 B = Non-inter-level travel time spent in this place.
 C = Inter-level travel time spent in this place.
 D = Time resting spent in this place.
 E = Time spent auto-exploring this place.
 F = Levels seen in this place.
 G = Mean time per level.
                   A        B        C        D        E       F      G
               +--------+--------+--------+--------+--------+-----+--------+
         Total |   7906 |   7721 |    185 |   1247 |   5289 |   9 |  878.4 |
       Dungeon |   7864 |   7679 |    185 |   1247 |   5249 |   8 |  983.0 |
        Temple |     41 |     41 |      0 |      0 |     40 |   1 |   41.0 |
               +--------+--------+--------+--------+--------+-----+--------+

Top non-repeatable levels by time:
     D:3: 1338 daAuts
     D:4: 1316 daAuts
     D:6: 1074 daAuts
     D:7: 1043 daAuts
     D:1: 968 daAuts
     D:5: 841 daAuts
     D:2: 835 daAuts
     D:8: 446 daAuts
  Temple: 41 daAuts
